AoeStats
← papatheocari

Golden Pit

510209390Analyzed
1v1 RM · 1d ago on Sep 30, 2026· 37m 15s· 2 players
Game mode
Random Map
Map size
Tiny (2 player)
Population
200
Speed
Normal
Resources
Standard
Victory
Conquest
Starting age
Dark Age
Ending age
Imperial Age
RankedLock teamsTeams togetherTeam positionsShared explorationLock speedFull tech treeHidden civsTurbo modeCheats
Victory
Defeat
🇧🇪 Malians · Belgium
1111
+17
🇺🇸 Magyars · United States
1129
-17
papatheocari
1:35 Loom
9:42 Feudal Age
9:54 Man-at-Arms
11:27 Scale Mail Armor
16:57 Horse Collar
21:32 Castle Age
20:48 Double-Bit Axe
21:19 Forging
24:06 Bow Saw
24:59 Wheelbarrow
25:21 Padded Archer Armor
25:12 Fletching
25:13 Elite Skirmisher
30:12 Bodkin Arrow
31:52 Leather Archer Armor
Pointgiven
10:19 Feudal Age
11:00 Loom
22:31 Castle Age
21:26 Bloodlines
21:41 Double-Bit Axe
22:26 Fletching
23:54 Bodkin Arrow
23:53 Horse Collar
26:07 Padded Archer Armor
Connection lost

Rejoining the realm…

Still unreachable

The connection could not be restored.

Session expired

The server has moved on; the page needs a fresh start.